 Dungeon Sprint DCSS version 0.22-a0-398-g8bb545f (webtiles) character file.

21 sexinstructor the Cutter (level 2, -5/20 HPs)
             Began as a Deep Elf Fire Elementalist on May 5, 2018.
             Was a Follower of Vehumet.
             Slain by a vault sentinel
             ... wielding a cursed -3 long sword
              (15 damage)
             ... in the Dungeon (Sprint V: "Ziggurat Sprint").
             The game lasted 00:04:56 (149 turns).

sexinstructor the Cutter (DEFE)                      Turns: 149, Time: 00:04:57

Health: -5/20      AC:  2    Str: 11    XL:     2   Next: 65%
Magic:  8/8        EV: 12    Int: 19    God:    Vehumet [*.....]
Gold:   0          SH:  6    Dex: 15    Spells: 6/7 levels left

rFire    . . .     SeeInvis .   E - +5 quick blade
rCold    . . .     Gourm    .   l - +3 buckler
rNeg     . . .     Faith    .   a - +0 robe
rPois    .         Spirit   .   (no helmet)
rElec    .         Reflect  .   (no cloak)
rCorr    .         Harm     .   (no gloves)
MR       .....     NoTele   +   (no boots)
Stlth    +++.......             (no amulet)
HPRegen  0.06/turn              y - +6 ring of strength
MPRegen  0.11/turn              H - ring of stealth

@: berserk cooldown
A: no striking features
a: Renounce Religion


You were in the Dungeon.
You worshipped Vehumet.
Vehumet was aware of your devotion.
You were not hungry.

You visited 1 branch

Inventory:

Hand Weapons
 E - a +5 quick blade (weapon)
 F - the +6 Majin-Bo {vamp, Archmagi MP+6 Int+6}
   (You found it in the Dungeon)

   It inflicts no extra harm, but heals its wielder when it wounds a living foe.
   It affects your intelligence (+6).
   It affects your magic capacity (+6).
Armour
 a - a +0 robe (worn)
 l - a +3 buckler (worn)
 D - a +3 shield
Jewellery
 u - a +6 ring of dexterity
 v - a +6 ring of dexterity
 w - a +6 ring of intelligence
 x - a +6 ring of intelligence
 y - a +6 ring of strength (left hand)
 z - a +6 ring of strength
 H - a ring of stealth (right hand)
Wands
 A - a wand of disintegration (7)
 B - a wand of iceblast (7)
 C - a wand of acid (7)
Scrolls
 i - 4 scrolls of blinking
 o - 4 scrolls of amnesia
 p - 7 scrolls of fog
 q - a scroll of holy word
 r - 5 scrolls of identify
 s - 5 scrolls of remove curse
 t - 2 scrolls of fear
Potions
 b - 2 potions of brilliance
 d - 10 potions of curing
 e - 8 potions of heal wounds
 f - 6 potions of haste
 g - 7 potions of magic
 h - 2 potions of berserk rage
 j - 2 potions of invisibility
 k - 4 potions of resistance
 m - 5 potions of agility
 n - 5 potions of might
Comestibles
 c - 7 rations
 G - 4 chunks of flesh


   Skills:
 - Level 4.1 Fighting
 + Level 5.0 Short Blades
 - Level 2.6 Dodging
 - Level 2.5 Stealth
 + Level 3.4 Spellcasting
 + Level 1.1 Conjurations
 + Level 4.0 Fire Magic


You had 6 spell levels left.
You knew the following spells:

 Your Spells              Type           Power        Failure   Level  Hunger
a - Flame Tongue          Conj/Fire      ##...        9%          1    None


Dungeon Overview and Level Annotations

Branches:
Dungeon (1/1)

Altars:
Ashenzari
Cheibriados
Dithmenos
Elyvilon
Fedhas
Gozag
Hepliaklqana
Kikubaaqudgha
Makhleb
Nemelex Xobeh
Okawaru
Qazlal
Ru
Sif Muna
Trog
Uskayaw
Vehumet
Wu Jian
Xom
Yredelemnul
Zin
The Shining One
Beogh
Jiyva
Lugonu

Annotations:
D 1 transporter


Message History

* * * LOW HITPOINT WARNING * * *
You feel much better.
The vault sentinel blows a loud note on a signal horn!
You block the wizard's attack.
You hit the wizard but do no damage.
The wizard is lightly wounded.
The vault sentinel hits you with a long sword!
The wizard howls an incantation.
You feel troubled.
The wizard gestures at you while chanting.
You barely resist.
You are too injured to fight recklessly!
You hit the vault sentinel.
The vault sentinel is lightly wounded.
You hit the vault sentinel.
The vault sentinel is lightly wounded.
You block the wizard's attack.
The vault sentinel hits you with a long sword!
Ouch! That really hurt!
You die...

▓▓▓▓▓▓▓▓▓▓▓▓▓
▓.8©8.▓.8©8.▓
▓..)).▓.....▓
▓.....▓.)...▓
▓.....▓.....▓
▓..pp.▓.....▓
▓...@.▓..©..▓
▓..©..▓▓▓▓▓▓▓
▓▓▓▓▓▓▓


You could see a vault sentinel and a wizard.

Vanquished Creatures
  An adder (D)
  An adder simulacrum (D)
  A ball python (D)
3 creatures vanquished.

Notes
Turn   | Place    | Note
-------+----------+-------------------------------------------
     0 | D        | Found the +6 Majin-Bo {vamp, Archmagi MP+6 Int+6}
     0 | D        | Found the +7 great mace "Firestarter" {inner flame, rF++}
     0 | D        | sexinstructor the Deep Elf Fire Elementalist began the quest for the Orb.
     0 | D        | Reached XP level 1. HP: 10/10 MP: 6/6
     0 | D        | Found a deep blue altar of Sif Muna.
     0 | D        | Found a bloodstained altar of Trog.
     0 | D        | Found a sacrificial altar of Ru.
     0 | D        | Found a stormy altar of Qazlal.
     0 | D        | Found an iron altar of Okawaru.
     1 | D        | Found a sparkling altar of Nemelex Xobeh.
     1 | D        | Found a blossoming altar of Fedhas.
     3 | D        | Found a transporter.
     3 | D        | Found an ancient bone altar of Kikubaaqudgha.
     3 | D        | Found a viscous altar of Jiyva.
     3 | D        | Found a corrupted altar of Lugonu.
     3 | D        | Found a hazy altar of Hepliaklqana.
     3 | D        | Found a burning altar of Makhleb.
     3 | D        | Found an opulent altar of Gozag.
    19 | D        | Became a worshipper of Vehumet
    53 | D        | Found the +9 heavy crossbow "Sniper" {velocity, Acc+∞ SInv}
    53 | D        | Found the +10 dark maul {crush}
    53 | D        | Found the +15 Maxwell's patent armour {-Cast -Tele rElec MR+ rCorr}
    53 | D        | Found the +18 shield of the Gong {rElec rN+ MR+ EV-5}
    53 | D        | Found the cursed +14 obsidian axe {chop, +Fly SInv *Curse}
    55 | D        | Found the +6 shillelagh "Devastator" {shatter}
    55 | D        | Found the +11 plutonium sword {*Contam Stlth-}
    55 | D        | Found the +8 lance "Wyrmbane" {slay drac, rPois rF+ rC+ AC+3}
    55 | D        | Found the +9 sword of Zonguldrok {reap}
    55 | D        | Found the cursed +13 scythe of Curses {drain, *Curse}
    55 | D        | Found the +0 sword of Power
    55 | D        | Found the +16 mace of Variability {chaos}
    55 | D        | Found the +7 Singing Sword
    55 | D        | Found the +7 longbow "Piercer" {penet, EV-2}
    58 | D        | Reached skill level 5 in Short Blades
    58 | D        | Reached XP level 2. HP: 20/20 MP: 8/8
    93 | D        | Entered arena 2.
    93 | D        | Found a transporter.
   136 | D        | Entered arena 3.
   136 | D        | Noticed a vault sentinel
   136 | D        | Noticed a wizard
   136 | D        | Found a transporter.
   141 | D        | Reached * piety under Vehumet
   141 | D        | Offered knowledge of Shock by Vehumet.
   149 | D        | Slain by a vault sentinel

Vault maps used:
D:        sprint_v

Skill      XL: |  1  2 |
---------------+-------+-----
Fighting       | 4 |  4.1
Short Blades   | 5 |  5.0
Fire Magic     | 4 |  4.0
Dodging        | |  2.6
Stealth        | |  2.5
Spellcasting   | |  3.4
Conjurations   | |  1.1

Action                   || total
-------------------------++-------
Melee: Quick blade       ||    10
  Use: Potion            ||     4
Dodge: Dodged            ||     4
Block: Buckler           ||     4

Table legend:
 A = Spawn XP
 B = Non-spawn XP
 C = Spawn XP percentage of total XP
 D = Spawn monster count
 E = Non-spawn monster count
 F = Spawn count percentage of total count
 G = Total turns spent on level
                    A         B        C        D         E        F      G
               +---------+---------+-------+---------+---------+-------+---------
         Total |       0 |      19 |   0.0 |       0 |       3 |   0.0 |   149
               +---------+---------+-------+---------+---------+-------+---------
             D |       0 |      19 |   0.0 |       0 |       3 |   0.0 |   149
               +---------+---------+-------+---------+---------+-------+---------
